 Dungeon Crawl Stone Soup version 0.26-a0-812-g31a745ddcd (webtiles) character file.

Game seed: 18071014695045909423

87 nicanaca0 the Cudgeller (level 4, -1/29 HPs)
             Began as a Gargoyle Berserker on Nov 22, 2020.
             Was a Believer of Trog.
             Slain by a goblin (3 damage)
             ... on level 2 of the Dungeon.
             The game lasted 00:02:14 (1064 turns).

nicanaca0 the Cudgeller (Gargoyle Berserker)        Turns: 1064, Time: 00:02:14

Health: -1/29      AC: 10    Str: 20    XL:     4   Next: 51%
Magic:  4/4        EV:  9    Int:  8    God:    Trog [**....]
Gold:   103        SH:  3    Dex: 10    Spells: 3/3 levels left

rFire    . . .     SeeInvis .   a - +0 mace
rCold    . . .     Faith    .   e - +0 buckler
rNeg     + . .     Spirit   .   p - +0 scale mail (curse)
rPois    ∞         Reflect  .   (no helmet)
rElec    +         Harm     .   (no cloak)
rCorr    .         Rampage  .   (no gloves)
MR       .....                  (no boots)
Stlth    ..........             (no amulet)
HPRegen  0.09/turn              (no ring)
MPRegen  0.09/turn              (no ring)

@: berserk cooldown, slowed, very slow
A: negative energy resistance 1, electricity resistance, unbreathing,
petrification resistance, rot immunity, AC +3
a: Berserk, Trog's Hand, Renounce Religion


You were on level 2 of the Dungeon.
You worshipped Trog.
Trog was pleased with you.
You visited 1 branch of the dungeon, and saw 2 of its levels.

You collected 103 gold pieces.

Inventory:

Hand Weapons
 a - a +0 mace (weapon)
Armour
 b - a +0 animal skin
 e - a +0 buckler (worn)
 p - a cursed +0 scale mail (worn)
Jewellery
 d - an uncursed ring of ice
 m - a cursed ring of attention {unknown}
Scrolls
 c - a scroll of noise {unknown}
 f - 2 scrolls of amnesia {unknown}
 i - a scroll of fog {unknown}
 j - a scroll of blinking {unknown}
 k - a scroll of teleportation {unknown}
 n - a scroll of remove curse {unknown}
Potions
 g - a potion of curing {unknown}
 h - a potion of mutation {unknown}
 l - a potion of heal wounds {unknown}
 o - a potion of flight {unknown}


   Skills:
 + Level 3.7 Fighting
 * Level 4.5 Maces & Flails
 * Level 2.8 Armour
 - Level 1.5 Dodging
 + Level 0.1 Stealth
 + Level 0.2 Shields


You had 3 spell levels left.
You didn't know any spells.
Your spell library was empty.

Dungeon Overview and Level Annotations

Branches:
Dungeon (2/15)

Altars:


Innate Abilities, Weirdness & Mutations

You are resistant to torment.
Your stone body is resilient. (AC +3)
You are immune to poison.
You resist negative energy. (rN+)
You are resistant to electric shocks. (rElec)
You can survive without breathing.
You are immune to petrification.
You are immune to rotting.


Message History

* * * LOW HITPOINT WARNING * * *
Terence hits you but does no damage. The quokka closely misses you.
The hobgoblin hits you but does no damage.
The quokka closely misses you. You block the goblin's attack. The orc hits you.
* * * LOW HITPOINT WARNING * * *
You hit Terence but do no damage.
Terence is heavily wounded.
The quokka barely misses you. x2; The orc hits you but does no damage.
You block Terence's attack.
The hobgoblin hits you but does no damage.
The orc hits you with a +0 mace.
* * * LOW HITPOINT WARNING * * *
You block the orc's attack. The goblin hits you but does no damage.
The quokka bites you but does no damage. x2
The orc hits you but does no damage.
You sock Terence!
You kill Terence!
Trog accepts your kill. The goblin hits you.
You die...

##..........
...........
...........
..........
#?......... ...
##.........##..
#.o(........§.
###g)g.......§.
#..o@o........
......orr.......#
.#####........^§#
#........<#
..#......##
.##...##### ..
.... . ....


You could see an orc priest, 3 orcs, 2 quokkas, a hobgoblin and a goblin.

Vanquished Creatures
  An orc wizard (D:2)
  Terence (D:2)
  2 dart slugs (D:1)
  2 giant cockroaches (D:1)
  7 goblins (D:1)
  3 hobgoblins (D:1)
  4 jackals (D:1)
  3 kobolds (D:1)
  4 bats (D:1)
  3 frilled lizards (D:1)
  2 rats (D:1)
32 creatures vanquished.

Notes
Turn   | Place    | Note
-------+----------+-------------------------------------------
     0 | D:1      | nicanaca0 the Gargoyle Berserker began the quest for the
                  | Orb.
     0 | D:1      | Reached XP level 1. HP: 14/14 MP: 1/1
   165 | D:1      | Reached XP level 2. HP: 19/19 MP: 2/2
   338 | D:1      | Reached XP level 3. HP: 20/23 MP: 3/3
   650 | D:1      | Reached ** piety under Trog
  1047 | D:2      | Noticed Terence
  1058 | D:2      | Reached skill level 4 in Maces & Flails
  1058 | D:2      | Reached XP level 4. HP: 23/29 MP: 4/4
  1064 | D:2      | Killed Terence
  1064 | D:2      | Slain by a goblin

Illustrated notes

Levels and vault maps discovered:
D:1:      shiori_arrival_oz, layout_basic, feat_on_display
D:2:      layout_rooms, chequers_ecumenical_altar_grove, minmay_cut_off,
          uniq_terence, uniq_jessica, uniq_sigmund

Skill      XL: |  1  2  3 |
---------------+----------+-----
Maces & Flails | 4 |  4.5
Fighting       | |  3.7
Armour         | |  2.8
Dodging        | |  1.5
Stealth        | |  0.1
Shields        | |  0.2

Action                   |  1- 3 |  4- 6 || total
-------------------------+-------+-------++-------
Melee: Mace              |   108 |     6 ||   114
Invok: Berserk           |     2 |       ||     2
Armor: Animal skin       |    34 |       ||    34
       Scale mail        |    28 |    29 ||    57
Dodge: Dodged            |    65 |    11 ||    76
Block: Buckler           |    23 |     6 ||    29

Table legend: (Time is in decaauts)
 A = Elapsed time spent in this place.
 B = Non-inter-level travel time spent in this place.
 C = Inter-level travel time spent in this place.
 D = Time resting spent in this place.
 E = Time spent auto-exploring this place.
 F = Levels seen in this place.
 G = Mean time per level.
                   A        B        C        D        E       F      G
               +--------+--------+--------+--------+--------+-----+--------+
         Total |   1093 |   1084 |      9 |      1 |    840 |   2 |  546.5 |
       Dungeon |   1093 |   1084 |      9 |      1 |    840 |   2 |  546.5 |
               +--------+--------+--------+--------+--------+-----+--------+

Top non-repeatable levels by time:
     D:1: 1075 daAuts
     D:2: 17 daAuts
